AoeStats
← tigremaster

Lombardia

509721055Analyzed
2v2 RM · 4d ago on Sep 27, 2026· 67m 31s· 4 players
Game mode
Random Map
Map size
Medium (4 player)
Population
200
Speed
Normal
Resources
Standard
Victory
Conquest
Starting age
Dark Age
Ending age
Imperial Age
RankedLock teamsTeams togetherTeam positionsShared explorationLock speedFull tech treeHidden civsTurbo modeCheats
Victory
Defeat
🇮🇹 Mongols · Italy
1225
+14
🇫🇷 Hindustanis · France
1217
+15
🇺🇸 Portuguese · United States
1280
-18
🇦🇷 Vikings · Argentina
1103
-11
Hamidouche
7:03 Loom
9:09 Feudal Age
9:53 Double-Bit Axe
10:34 Horse Collar
17:59 Forging
17:55 Scale Barding Armor
23:42 Castle Age
22:18 Bloodlines
22:06 Gold Mining
22:23 Stone Mining
25:37 Bow Saw
25:40 Light Cavalry
26:20 Husbandry
26:45 Chain Barding Armor
27:00 Iron Casting
36:54 Imperial Age
35:08 Wheelbarrow
35:05 Heavy Plow
37:08 Heavy Camel Rider
38:24 Plate Barding Armor
38:50 Blast Furnace
41:30 Siege Elephant
42:09 Hussar
44:34 Imperial Camel Rider
46:08 Shatagni
46:44 Hoardings
48:09 Chemistry
47:20 Masonry
47:07 Fletching
48:50 Grand Trunk Road
51:30 Hand Cart
62:58 Caravan
63:30 Padded Archer Armor
63:25 Bodkin Arrow
63:32 Scale Mail Armor
65:30 Two-Man Saw
64:37 Siege Engineers
64:53 Ballistics
64:51 Leather Archer Armor
Herbert Prohaska
6:02 Loom
8:23 Feudal Age
9:29 Double-Bit Axe
11:47 Scale Barding Armor
11:31 Horse Collar
15:18 Forging
19:53 Bloodlines
19:53 Gold Mining
23:00 Castle Age
23:07 Fletching
23:18 Padded Archer Armor
24:05 Thumb Ring
23:59 Bodkin Arrow
24:59 Leather Archer Armor
26:23 Ballistics
26:46 Bow Saw
27:34 Elite Skirmisher
33:13 Imperial Age
34:57 Bracer
38:05 Chemistry
38:39 Parthian Tactics
42:01 Wheelbarrow
43:05 Heavy Cavalry Archer
45:20 Hand Cart
55:04 Elite Mangudai
57:38 Chain Barding Armor
57:53 Iron Casting
58:45 Husbandry
58:06 Light Cavalry
59:51 Hussar
62:30 Blast Furnace
66:10 Heavy Plow
itzdartzz_
2:21 Loom
10:17 Feudal Age
11:36 Horse Collar
11:47 Double-Bit Axe
20:17 Castle Age
19:03 Fletching
20:56 Wheelbarrow
20:42 Crossbowman
23:28 Bodkin Arrow
26:30 Heavy Plow
27:42 Ballistics
27:37 Bow Saw
28:37 Padded Archer Armor
29:44 Thumb Ring
30:50 Leather Archer Armor
30:28 Town Watch
32:59 Hand Cart
33:04 Gold Mining
35:27 Forging
35:23 Scale Barding Armor
36:26 Stone Mining
40:28 Imperial Age
38:31 Husbandry
40:39 Chain Barding Armor
41:30 Bloodlines
40:40 Cavalier
41:22 Town Patrol
41:41 Light Cavalry
42:22 Arbalester
43:04 Bracer
43:34 Ring Archer Armor
45:37 Chemistry
48:19 Elite Skirmisher
51:32 Conscription
54:10 Arquebus
55:40 Pikeman
56:06 Arson
56:22 Scale Mail Armor
56:57 Iron Casting
tigremaster
4:48 Loom
10:43 Feudal Age
12:09 Double-Bit Axe
12:34 Horse Collar
26:07 Castle Age
25:06 Forging
24:58 Scale Mail Armor
24:47 Arson
25:20 Gold Mining
26:16 Pikeman
26:58 Squires
27:30 Bow Saw
28:09 Heavy Plow
31:52 Iron Casting
44:41 Imperial Age
46:34 Crop Rotation
47:27 Elite Varangian Guard
53:36 Chain Mail Armor
55:08 Onager
55:12 Capped Ram
Connection lost

Rejoining the realm…

Still unreachable

The connection could not be restored.

Session expired

The server has moved on; the page needs a fresh start.